 Dungeon Crawl Stone Soup version 0.21-a0-401-g0b6bec4 (webtiles) character file.

538 Madydog the Chopper (level 7, -1/61 HPs)
             Began as a Minotaur Berserker on Oct 24, 2017.
             Was a Priest of Trog.
             Slain by a gnoll
             ... wielding a +0 halberd
              (9 damage)
             ... on level 4 of the Dungeon.
             The game lasted 00:20:56 (4087 turns).

Madydog the Chopper (Minotaur Berserker)            Turns: 4087, Time: 00:20:57

Health: -1/61      AC:  7    Str: 24    XL:     7   Next: 5%
Magic:  6/6        EV: 12    Int:  4    God:    Trog [***...]
Gold:   215        SH:  0    Dex:  9    Spells: 6/6 levels left

rFire    . . .     SeeInvis .   n - +2 falchion (slice)
rCold    . . .     Gourm    .   (no shield)
rNeg     . . .     Faith    .   v - +0 ring mail
rPois    .         Spirit   .   (helmet restricted)
rElec    .         Reflect  .   (no cloak)
rCorr    .         Harm     .   (no gloves)
MR       .....                  (no boots)
Stlth    +.........             (no amulet)
HPRegen  0.20/turn              s - +2 ring of protection
MPRegen  0.10/turn              x - ring of flight

@: no status effects
A: retaliatory headbutt, horns 2
a: Berserk, Trog's Hand, Burn Spellbooks, Renounce Religion, Evoke Flight


You were on level 4 of the Dungeon.
You worshipped Trog.
Trog was most pleased with you.
You were not hungry.

You visited 1 branch of the dungeon, and saw 4 of its levels.

You collected 215 gold pieces.

Inventory:

Hand Weapons
 n - a +2 falchion of slicing (weapon)
 o - a +0 hand axe
 w - a +0 flail of protection
Armour
 b - a +0 animal skin
 v - a +0 ring mail (worn)
Jewellery
 s - a +2 ring of protection (left hand)
 x - a ring of flight (right hand)
Scrolls
 a - 2 scrolls of enchant weapon
 f - 2 scrolls of amnesia
 g - a scroll of remove curse {unknown}
 h - 4 scrolls of noise {unknown}
 l - a scroll of random uselessness {unknown}
 m - a scroll of fog {unknown}
 q - 2 scrolls of identify {unknown}
 r - a scroll of magic mapping {unknown}
Potions
 e - 2 potions of haste {unknown}
 i - a potion of flight {unknown}
 j - a potion of mutation {unknown}
 k - a potion of lignification {unknown}
 p - 2 potions of brilliance {unknown}
 t - a potion of curing {unknown}
Comestibles
 c - a bread ration
 d - 3 meat rations


   Skills:
 + Level 5.5 Fighting
 + Level 3.7 Long Blades
 + Level 6.3 Axes
 + Level 2.6 Armour
 + Level 3.6 Dodging
 + Level 1.8 Stealth


You had 6 spell levels left.
You didn't know any spells.

Dungeon Overview and Level Annotations

Branches:
Dungeon (4/15)             Temple (0/1) D:4

Altars:
Dithmenos
Hepliaklqana
Qazlal
The Shining One


Innate Abilities, Weirdness & Mutations

You reflexively headbutt those who attack you in melee.
You have a pair of horns on your head.


Message History

The gnoll shaman is almost dead.
The gnoll hits you from afar with a halberd!
The gnoll shaman closely misses you.
You are too injured to fight recklessly!
You slash the gnoll shaman!
You kill the gnoll shaman!
Trog accepts your kill.
You have reached level 7!
The gnoll hits you from afar with a halberd!
* * * LOW HITPOINT WARNING * * *
You are too injured to fight recklessly!
The gnoll hits you with a halberd!
* * * LOW HITPOINT WARNING * * *
You hit the gnoll. Your headbutt misses the gnoll.
The gnoll is moderately wounded.
The gnoll barely misses you.
You hit the gnoll. Your headbutt misses the gnoll.
The gnoll is severely wounded.
The gnoll hits you with a halberd!
You die...

.... #. .... .# #..
.... ...## #...
.... ##...# #..#
### ......#####.?#
........#...#
.......g†.# ##
...g...#@## #### #.
.....g##.# ####..##
#. ......##.#
####......# #.
.....
#..###.........###.
....#
#..##..............
...#
#..##...........###
..#
#.###............#
#.# #............##
#.# #.............#


You could see a gnoll.

Vanquished Creatures
  The ghost of Shados the Slasher, an amateur OpFi of Gozag (D:3)
  A centaur (D:3)
  A gnoll shaman (D:4)
  A hound (D:4)
  An orc wizard (D:4)
  Terence (D:2)
  Robin (D:2)
  8 adders
  2 gnolls (D:4)
  3 worms
  3 leopard geckos
  12 orcs
  8 bats
  2 giant cockroaches (D:2)
  15 goblins
  12 hobgoblins
  9 jackals
  4 quokkas
  3 ball pythons
  5 frilled lizards
  9 kobolds
  6 rats
108 creatures vanquished.

Notes
Turn   | Place    | Note
-------+----------+-------------------------------------------
     0 | D:1      | Madydog the Minotaur Berserker began the quest for the Orb.
     0 | D:1      | Reached XP level 1. HP: 19/19 MP: 0/0
   318 | D:1      | Reached XP level 2. HP: 27/27 MP: 1/1
   595 | D:1      | Reached skill level 4 in Axes
  1017 | D:2      | Reached XP level 3. HP: 23/33 MP: 2/2
  1279 | D:2      | Noticed Terence
  1287 | D:2      | Killed Terence
  1466 | D:2      | Reached XP level 4. HP: 40/41 MP: 3/3
  1510 | D:2      | Reached skill level 5 in Axes
  1859 | D:2      | Reached ** piety under Trog
  1880 | D:2      | Noticed Robin
  1897 | D:2      | Killed Robin
  1910 | D:2      | Reached XP level 5. HP: 9/47 MP: 4/4
  2412 | D:3      | Reached skill level 1 in Stealth
  2414 | D:3      | Found a glowing drain.
  2602 | D:3      | Noticed a centaur
  2604 | D:3      | Noticed Shados's ghost (amateur OpFi)
  2605 | D:3      | Killed a centaur
  2605 | D:3      | Reached skill level 5 in Fighting
  2605 | D:3      | Reached skill level 1 in Long Blades
  2605 | D:3      | Reached skill level 6 in Axes
  2610 | D:3      | Killed Shados's ghost
  2610 | D:3      | Reached XP level 6. HP: 33/56 MP: 5/5
  2907 | D:3      | Found a hazy altar of Hepliaklqana.
  2907 | D:3      | Found a stormy altar of Qazlal.
  2907 | D:3      | Found a shadowy altar of Dithmenos.
  2907 | D:3      | Found a glowing golden altar of the Shining One.
  3208 | D:3      | Reached *** piety under Trog
  3881 | D:4      | Found a staircase to the Ecumenical Temple.
  4083 | D:4      | Reached XP level 7. HP: 26/61 MP: 6/6
  4087 | D:4      | Slain by a gnoll

Vault maps used:
D:1:      dpeg_arrival_leaves_temple_mockup
D:2:      cheibrodos_helix_gallery, uniq_robin, uniq_terence
D:3:      chequers_temple_overflow_statue_of_worship,
          cheibrodos_sewer_entry_drain, minmay_fountain_box,
          serial_bayou_pond_e, minmay_misc_feat_encased,
          kennysheep_generic_room_8
D:4:      kennysheep_goblin_castle, bloody_trog, minmay_temple_entry_hall

Skill      XL: |  1  2  3  4  5  6 |
---------------+-------------------+-----
Fighting       | 4 5 |  5.5
Axes           | 4 5 6 |  6.3
Stealth        | 1 |  1.8
Long Blades    | 2 3 |  3.7
Dodging        | 3 |  3.6
Armour         | |  2.6

Action                   |  1- 3 |  4- 6 |  7- 9 || total
-------------------------+-------+-------+-------++-------
Melee: Hand axe          |    55 |       |       ||    55
       Headbutt          |     4 |    34 |       ||    38
       Falchion          |     4 |   159 |     2 ||   165
Invok: Berserk           |     1 |     2 |       ||     3
  Use: Scroll            |       |     2 |       ||     2
  Eat: Chunk             |     2 |     9 |       ||    11
       Meat ration       |       |     1 |       ||     1
Armor: Animal skin       |    13 |    15 |       ||    28
       Ring mail         |       |    17 |       ||    17
Dodge: Dodged            |    33 |    92 |     1 ||   126
       Rpst.: Falchion   |     1 |    30 |       ||    31

Table legend:
 A = Spawn XP
 B = Non-spawn XP
 C = Spawn XP percentage of total XP
 D = Spawn monster count
 E = Non-spawn monster count
 F = Spawn count percentage of total count
 G = Total turns spent on level
                    A         B        C        D         E        F      G
               +---------+---------+-------+---------+---------+-------+---------
         Total |       0 |     769 |   0.0 |       0 |     108 |   0.0 |  4087
               +---------+---------+-------+---------+---------+-------+---------
           D:1 |       0 |      23 |   0.0 |       0 |      14 |   0.0 |   928
           D:2 |       0 |     192 |   0.0 |       0 |      39 |   0.0 |  1480
           D:3 |       0 |     387 |   0.0 |       0 |      43 |   0.0 |  1258
           D:4 |       0 |     167 |   0.0 |       0 |      12 |   0.0 |   421
               +---------+---------+-------+---------+---------+-------+---------
